PBL
TAMPA BAY RAYS @ ATLANTA BRAVES
06/10/2071
 
TOP OF THE 1ST
Tampa Bay Rays batting - Pitching for Atlanta Braves : RHP Steven McDowe
Pitching: RHP Steven McDowe
Batting: RHB Ken Potter 0-0: Ball
1-0: Swinging Strike
1-1: Fly out, F9 (Line Drive, 89D, EV 85.0 MPH)
Batting: LHB Manuel Gonzáles 0-0: SINGLE (Line Drive, 9LS, EV 94.4 MPH)
Batting: LHB Oliver Whitley 0-0: Called Strike
0-1: Called Strike
0-2: Strikes out looking
Batting: RHB Jorge Baca 0-0: Ball
1-0: Called Strike
1-1: Foul Ball, location: 2F
1-2: Fly out, F4 (Popup, 4, EV 74.4 MPH)
Top of the 1st over - 0 runs, 1 hit, 0 errors, 1 left on base; Tampa Bay 0 - Atlanta 0
BOTTOM OF THE 1ST
Atlanta Braves batting - Pitching for Tampa Bay Rays : RHP Edward Love
Pitching: RHP Edward Love
Batting: SHB Ramón Salinas 0-0: Called Strike
0-1: Ball
1-1: Foul Ball, location: 2F
1-2: Ball
2-2: Fly out, F9 (Line Drive, 89M, EV 97.5 MPH)
Batting: RHB David Miller 0-0: Ball
1-0: Ball
2-0: Foul Ball, location: 2LF
2-1: Foul Ball, location: 9LDF
2-2: Foul Ball, location: 9LDF
2-2: Foul Ball, location: 2F
2-2: Ball
3-2: Foul Ball, location: 2F
3-2: Base on Balls
Batting: SHB Michael Davidson 0-0: DOUBLE (Flyball, 78XD, EV 106.9 MPH)
David Miller to third
Runner from 3rd tries for Home, SAFE, throw by LF to home
Batting: LHB Eric Kilbridge 0-0: Ground out 4-3 (Groundball, 4, EV 89.4 MPH)
Michael Davidson to third
Batting: RHB Kelvin White 0-0: Called Strike
0-1: Ball
1-1: Ball
2-1: SINGLE (Groundball, 6S, EV 67.5 MPH) (infield hit)
Michael Davidson scores
Batting: LHB Paul Graham 0-0: Foul Ball, location: 7LDF
0-1: Called Strike
0-2: Ball
1-2: Strikes out looking
Bottom of the 1st over - 2 runs, 2 hits, 0 errors, 1 left on base; Tampa Bay 0 - Atlanta 2
TOP OF THE 2ND
Tampa Bay Rays batting - Pitching for Atlanta Braves : RHP Steven McDowe
Batting: RHB Tom Pike 0-0: Ball
1-0: Foul Ball, location: 3FF
1-1: Fly out, F9 (Flyball, 9D, EV 103.1 MPH)
Batting: SHB Barry Huffman 0-0: Swinging Strike
0-1: Ball
1-1: Ball
2-1: SINGLE (Line Drive, 8RS, EV 93.1 MPH)
Batting: RHB Colt Keeling 0-0: Foul Ball, location: 2F
0-1: Foul Ball, location: 2F
0-2: Ball
1-2: Ball
2-2: Fly out, F9 (Flyball, 9LS, EV 91.9 MPH)
Batting: RHB Carlos Cruz 0-0: Ball
1-0: Called Strike
1-1: Ball
2-1: Foul Ball, location: 2F
2-2: SINGLE (Line Drive, 8LS, EV 88.8 MPH)
Barry Huffman to second
Runner from 2nd tries for 3rd, SAFE, no throw by CF
Batting: RHB Paul Robertson 0-0: Foul Ball, location: 2F
0-1: Ball
1-1: Foul Ball, location: 2F
1-2: Strikes out swinging
Top of the 2nd over - 0 runs, 2 hits, 0 errors, 2 left on base; Tampa Bay 0 - Atlanta 2
BOTTOM OF THE 2ND
Atlanta Braves batting - Pitching for Tampa Bay Rays : RHP Edward Love
Batting: RHB Murai Kimura 0-0: Ball
1-0: Foul Ball, location: 2F
1-1: Ball
2-1: Fly out, F7 (Flyball, 7LM, EV 90.6 MPH)
Batting: SHB Alonso Suárez 0-0: Ball
1-0: Called Strike
1-1: Ball
2-1: Ball
3-1: Base on Balls
Batting: RHB Ray Boyer 0-0: Foul Ball, location: 2F
0-1: Ball
1-1: DOUBLE (Line Drive, 9LD, EV 104.4 MPH)
Alonso Suárez to third
Runner from 3rd tries for Home, SAFE, throw by RF to trailing runner, OUT at third! 9-3-5
Batting: SHB Ramón Salinas 0-0: Ground out 1-3 (Groundball, 13S, EV 75.0 MPH)
Bottom of the 2nd over - 1 run, 1 hit, 0 errors, 0 left on base; Tampa Bay 0 - Atlanta 3
TOP OF THE 3RD
Tampa Bay Rays batting - Pitching for Atlanta Braves : RHP Steven McDowe
Batting: RHB Ken Potter 0-0: Ball
1-0: Swinging Strike
1-1: Ground out 6-3 (Groundball, 6, EV 87.5 MPH)
Batting: LHB Manuel Gonzáles 0-0: SINGLE (Groundball, 4D, EV 102.5 MPH)
Batting: LHB Oliver Whitley 0-0: Ball
1-0: Ball
2-0: Grounds into double play, 4-6-3 (Groundball, 4, EV 104.4 MPH)
Top of the 3rd over - 0 runs, 1 hit, 0 errors, 0 left on base; Tampa Bay 0 - Atlanta 3
BOTTOM OF THE 3RD
Atlanta Braves batting - Pitching for Tampa Bay Rays : RHP Edward Love
Batting: RHB David Miller 0-0: Swinging Strike
0-1: Ball
1-1: Ground out 5-3 (Groundball, 5S, EV 83.8 MPH)
Batting: SHB Michael Davidson 0-0: Ball
1-0: Ball
2-0: Ground out 6-3 (Groundball, P, EV 81.3 MPH)
Batting: LHB Eric Kilbridge 0-0: Swinging Strike
0-1: Ball
1-1: SINGLE (Line Drive, 9S, EV 110.0 MPH)
Batting: RHB Kelvin White 0-0: Called Strike
0-1: Ball
1-1: Ball
2-1: Swinging Strike
2-2: SINGLE (Groundball, 4D, EV 103.8 MPH)
Eric Kilbridge to second
Runner from 2nd tries for 3rd, SAFE, no throw by RF
Batting: LHB Paul Graham 0-0: Called Strike
0-1: Foul Ball, location: 2F
0-2: Foul Ball, location: 7LSF
0-2: Ball
1-2: Fly out, F7 (Flyball, 7LSF, EV 97.5 MPH)
Bottom of the 3rd over - 0 runs, 2 hits, 0 errors, 2 left on base; Tampa Bay 0 - Atlanta 3
TOP OF THE 4TH
Tampa Bay Rays batting - Pitching for Atlanta Braves : RHP Steven McDowe
Batting: RHB Jorge Baca 0-0: Ground out U3 (Groundball, 3L, EV 79.4 MPH)
Batting: RHB Tom Pike 0-0: Ball
1-0: SINGLE (Groundball, 4D, EV 95.6 MPH)
Batting: SHB Barry Huffman 0-0: Ball
1-0: Ball
2-0: Called Strike
2-1: Foul Ball, location: 3FF
2-2: Strikes out swinging
Batting: RHB Colt Keeling 0-0: Called Strike
0-1: Called Strike
0-2: SINGLE (Flyball, 4MD, EV 93.8 MPH)
Tom Pike to second
Batting: RHB Carlos Cruz 0-0: Foul Ball, location: 2F
0-1: Ball
1-1: Ball
2-1: Ball
3-1: Fielders Choice at 2nd, 6-4 (Groundball, 6, EV 79.4 MPH)
Top of the 4th over - 0 runs, 2 hits, 0 errors, 2 left on base; Tampa Bay 0 - Atlanta 3
BOTTOM OF THE 4TH
Atlanta Braves batting - Pitching for Tampa Bay Rays : RHP Edward Love
Batting: RHB Murai Kimura 0-0: Foul Ball, location: 3DF
0-1: Ball
1-1: SINGLE (Groundball, 23, EV 66.9 MPH) (infield hit)
Batting: SHB Alonso Suárez 0-0: Ball
1-0: Ball
2-0: Ball
3-0: Called Strike
3-1: Called Strike
3-2: Strikes out looking
Batting: RHB Ray Boyer 0-0: Ball
1-0: SINGLE (Groundball, 6MD, EV 108.8 MPH)
Murai Kimura to second
Runner from 2nd tries for 3rd, SAFE, no throw by CF
Batting: SHB Ramón Salinas 0-0: Called Strike
0-1: Called Strike
0-2: Fielders Choice at 2nd, 4-6 (Groundball, 4, EV 84.4 MPH)
Murai Kimura scores
Batting: RHB David Miller 0-0: Foul Ball, location: 5FF
0-1: Ball
1-1: Swinging Strike
1-2: Ball
2-2: Foul Ball, location: 3SF
2-2: Foul Ball, location: 9LSF
2-2: Ball
3-2: Foul Ball, location: 5F
3-2: DOUBLE (Line Drive, 7LM, EV 88.1 MPH)
Ramón Salinas to third
Ramón Salinas scores
Pitching: RHP Stuart Black
Batting: SHB Michael Davidson 0-0: Ball
1-0: Ground out 4-3 (Groundball, 34, EV 104.4 MPH)
Bottom of the 4th over - 2 runs, 3 hits, 0 errors, 1 left on base; Tampa Bay 0 - Atlanta 5
TOP OF THE 5TH
Tampa Bay Rays batting - Pitching for Atlanta Braves : RHP Steven McDowe
Batting: RHB Paul Robertson 0-0: Foul Ball, location: 2F
0-1: Foul Ball, location: 2F
0-2: Ball
1-2: Ball
2-2: Fly out, F8 (Flyball, 8LD, EV 101.3 MPH)
Batting: RHB Ken Potter 0-0: Swinging Strike
0-1: SINGLE (Line Drive, 6D, EV 95.0 MPH)
Batting: LHB Manuel Gonzáles 0-0: Ball
1-0: SINGLE (Line Drive, 34, EV 99.4 MPH)
Ken Potter to second
Batting: LHB Oliver Whitley 0-0: Foul Ball, location: 2F
0-1: Ball
1-1: Swinging Strike
1-2: Fly out, F5 (Popup, 5, EV 73.1 MPH)
Batting: RHB Jorge Baca 0-0: Ball
1-0: Fly out, F8 (Flyball, 8LM, EV 85.0 MPH)
Top of the 5th over - 0 runs, 2 hits, 0 errors, 2 left on base; Tampa Bay 0 - Atlanta 5
BOTTOM OF THE 5TH
Atlanta Braves batting - Pitching for Tampa Bay Rays : RHP Stuart Black
Batting: LHB Eric Kilbridge 0-0: Ball
1-0: Ground out U3 (Groundball, 3L, EV 101.9 MPH)
Batting: RHB Kelvin White 0-0: Ground out 5-3 (Groundball, 5, EV 84.4 MPH)
Batting: LHB Paul Graham 0-0: Fly out, F2 (Popup, 23F, EV 83.1 MPH)
Bottom of the 5th over - 0 runs, 0 hits, 0 errors, 0 left on base; Tampa Bay 0 - Atlanta 5
TOP OF THE 6TH
Tampa Bay Rays batting - Pitching for Atlanta Braves : RHP Steven McDowe
Batting: RHB Tom Pike 0-0: Ball
1-0: Ball
2-0: Ground out 4-3 (Groundball, 4, EV 106.9 MPH)
Batting: SHB Barry Huffman 0-0: Swinging Strike
0-1: Ball
1-1: Swinging Strike
1-2: Foul Ball, location: 2F
1-2: Ball
2-2: Fly out, F8 (Flyball, 8LM, EV 91.9 MPH)
Batting: RHB Colt Keeling 0-0: Foul Ball, location: 3F
0-1: Ball
1-1: Swinging Strike
1-2: Ball
2-2: Ball
3-2: SINGLE (Line Drive, 8LS, EV 103.8 MPH)
Pitching: RHP Gary Camp
Batting: RHB Carlos Cruz 0-0: Fly out, F9 (Flyball, 9, EV 88.1 MPH)
Top of the 6th over - 0 runs, 1 hit, 0 errors, 1 left on base; Tampa Bay 0 - Atlanta 5
BOTTOM OF THE 6TH
Atlanta Braves batting - Pitching for Tampa Bay Rays : RHP Stuart Black
Batting: RHB Murai Kimura 0-0: Ball
1-0: Foul Ball, location: 2F
1-1: Fly out, F8 (Flyball, 8RD, EV 101.3 MPH)
Batting: SHB Alonso Suárez 0-0: Foul Ball, location: 2F
0-1: Ball
1-1: SINGLE (Groundball, 56D, EV 95.6 MPH)
Batting: RHB Ray Boyer 0-0: Foul Ball, location: 5F
0-1: Ball
1-1: Swinging Strike
1-2: Foul Ball, location: 2F
1-2: Ball
2-2: Fly out, F8 (Flyball, 78M, EV 94.4 MPH)
Batting: SHB Ramón Salinas 0-0: Foul Ball, location: 9LSFF
0-1: Ball
1-1: Ball
2-1: Ball
3-1: Base on Balls
Alonso Suárez to second
Batting: RHB David Miller 0-0: Ball
1-0: Ground out 5-3 (Groundball, 5S, EV 87.5 MPH)
Bottom of the 6th over - 0 runs, 1 hit, 0 errors, 2 left on base; Tampa Bay 0 - Atlanta 5
TOP OF THE 7TH
Tampa Bay Rays batting - Pitching for Atlanta Braves : RHP Gary Camp
Batting: RHB Paul Robertson 0-0: Ball
1-0: Ball
2-0: Swinging Strike
2-1: SINGLE (Groundball, 4MD, EV 100.0 MPH)
Batting: RHB Ken Potter 0-0: Ball
1-0: Fielders Choice at 2nd, 6-4 (Groundball, 6, EV 88.8 MPH)
Batting: LHB Manuel Gonzáles 0-0: Fly out, F8 (Flyball, 8RD, EV 97.5 MPH)
Batting: LHB Oliver Whitley 0-0: Called Strike
0-1: Called Strike
0-2: Strikes out swinging
Top of the 7th over - 0 runs, 1 hit, 0 errors, 1 left on base; Tampa Bay 0 - Atlanta 5
BOTTOM OF THE 7TH
Atlanta Braves batting - Pitching for Tampa Bay Rays : RHP Stuart Black
Batting: SHB Michael Davidson 0-0: Fly out, F7 (Flyball, 7LM, EV 106.9 MPH)
Batting: LHB Eric Kilbridge 0-0: Called Strike
0-1: Ball
1-1: Foul Ball, location: 25F
1-2: Foul Ball, location: 2F
1-2: Ball
2-2: Ball
3-2: Base on Balls
Pitching: LHP Johnny Sizemo
Batting: RHB Kelvin White 0-0: Ball
1-0: Foul Ball, location: 2F
1-1: Grounds into double play, 6-4-3 (Groundball, 6, EV 78.1 MPH)
Bottom of the 7th over - 0 runs, 0 hits, 0 errors, 0 left on base; Tampa Bay 0 - Atlanta 5
TOP OF THE 8TH
Tampa Bay Rays batting - Pitching for Atlanta Braves : RHP Gary Camp
Now at 2B: Ray Boyer
Now at 3B: Dave Lester
Batting: RHB Jorge Baca 0-0: Ball
1-0: Called Strike
1-1: Ball
2-1: Swinging Strike
2-2: Foul Ball, location: 9LSF
2-2: Ball
3-2: DOUBLE (Flyball, 8LXD, EV 96.3 MPH)
Batting: RHB Tom Pike 0-0: Ball
1-0: Called Strike
1-1: Foul Ball, location: 2F
1-2: Ball
2-2: Ground out 5-3 (Groundball, 56S, EV 80.6 MPH)
Batting: SHB Barry Huffman 0-0: Ball
1-0: Swinging Strike
1-1: Ball
2-1: Called Strike
2-2: Foul Ball, location: 25FF
2-2: Strikes out swinging
Batting: RHB Colt Keeling 0-0: Ball
1-0: Ball
2-0: Fly out, F9 (Flyball, 9D, EV 94.4 MPH)
Top of the 8th over - 0 runs, 1 hit, 0 errors, 1 left on base; Tampa Bay 0 - Atlanta 5
BOTTOM OF THE 8TH
Atlanta Braves batting - Pitching for Tampa Bay Rays : LHP Johnny Sizemo
Batting: LHB Paul Graham 0-0: Ball
1-0: Ball
2-0: Called Strike
2-1: SINGLE (Line Drive, 34D, EV 101.9 MPH)
Batting: RHB Murai Kimura 0-0: Swinging Strike
0-1: Swinging Strike
0-2: Strikes out looking
Batting: SHB Alonso Suárez 0-0: Ball
1-0: Called Strike
1-1: Ball
2-1: Ball
3-1: Foul Ball, location: 5DF
3-2: Fly out, F8 (Flyball, 89M, EV 89.4 MPH)
Batting: RHB Ray Boyer 0-0: Ground out 1-3 (Groundball, 13, EV 65.6 MPH)
Bottom of the 8th over - 0 runs, 1 hit, 0 errors, 1 left on base; Tampa Bay 0 - Atlanta 5
TOP OF THE 9TH
Tampa Bay Rays batting - Pitching for Atlanta Braves : RHP Gary Camp
Batting: RHB Carlos Cruz 0-0: SOLO HOME RUN (Flyball, 89XD, EV 98.8 MPH), Distance : 395 ft
Batting: RHB Paul Robertson 0-0: Foul Ball, location: 25F
0-1: Foul Ball, location: 3F
0-2: Ball
1-2: Foul Ball, location: 25F
1-2: Ball
2-2: Ball
3-2: SINGLE (Groundball, 4D, EV 97.5 MPH)
Pitching: LHP Tomás Macías
Batting: RHB Ken Potter 0-0: SINGLE (Line Drive, 8LS, EV 100.0 MPH)
Paul Robertson to second
Pitching: RHP Ángel Chávez
Batting: LHB Manuel Gonzáles 0-0: Ball
1-0: Ball
2-0: Ball
3-0: Base on Balls
Paul Robertson to third
Ken Potter to second
Batting: LHB Oliver Whitley 0-0: Ball
1-0: Called Strike
1-1: Fly out, F8 (Flyball, 8RXD, EV 82.5 MPH)
Runner from 3rd tags up, SCORES, no throw by CF
Ken Potter to third
Batting: RHB Jorge Baca 0-0: Swinging Strike
0-1: Foul Ball, location: 3F
0-2: Ball
1-2: Foul Ball, location: 9LMF
1-2: Ball
2-2: Fly out, F8 (Flyball, 78D, EV 96.9 MPH)
Runner from 3rd tags up, SCORES, no throw by CF
Batting: RHB Tom Pike 0-0: Ball
1-0: Ball
2-0: Ball
3-0: Called Strike
3-1: Base on Balls
Manuel Gonzáles to second
Pinch Runner at 2nd César García:
Batting: SHB Barry Huffman 0-0: DOUBLE (Flyball, 78D, EV 93.8 MPH)
César García scores
Tom Pike to third
Runner from 3rd tries for Home, SAFE, throw by LF to trailing runner, SAFE at third!
Batting: RHB Colt Keeling 0-0: Intentional Walk
Batting: RHB Carlos Cruz 0-0: Ball
1-0: Swinging Strike
1-1: Swinging Strike
1-2: Strikes out swinging
Top of the 9th over - 5 runs, 4 hits, 0 errors, 2 left on base; Tampa Bay 5 - Atlanta 5
BOTTOM OF THE 9TH
Atlanta Braves batting - Pitching for Tampa Bay Rays : LHP Johnny Sizemo
Pitching: RHP Pavlusha Faingauz
Now in LF: César García
Batting: SHB Ramón Salinas 0-0: Ball
1-0: Hit by Pitch
Batting: RHB Dave Lester 0-0: Ball
1-0: Ball
2-0: Ball
3-0: Foul Ball, location: 9LDF
3-1: Called Strike
3-2: Strikes out looking
Ramón Salinas steals 2nd base
Batter strikes out.
Batting: SHB Michael Davidson 0-0: Ball
1-0: Ball
2-0: Ball
3-0: Called Strike
3-1: Fly out, F7 (Flyball, 78S, EV 98.1 MPH)
Batting: LHB Eric Kilbridge 0-0: Intentional Walk
Batting: RHB Kelvin White 0-0: Ball
1-0: Ball
2-0: Called Strike
2-1: Ball
3-1: Fielders Choice at 2nd, 5-4 (Groundball, 56, EV 103.8 MPH)
Bottom of the 9th over - 0 runs, 0 hits, 0 errors, 2 left on base; Tampa Bay 5 - Atlanta 5
TOP OF THE 10TH
Tampa Bay Rays batting - Pitching for Atlanta Braves : RHP Ángel Chávez
Pitching: RHP Ju-il Kae
Batting: RHB Paul Robertson 0-0: Foul Ball, location: 2LF
0-1: Called Strike
0-2: Ball
1-2: Fly out, F3 (Popup, 34S, EV 80.6 MPH)
Batting: RHB Ken Potter 0-0: Ball
1-0: Foul Ball, location: 9LSF
1-1: Ball
2-1: Ball
3-1: Base on Balls
Batting: LHB César García 0-0: Ball
1-0: Called Strike
1-1: Ball
2-1: Ball
3-1: Called Strike
3-2: Base on Balls
Ken Potter to second
Batting: LHB Oliver Whitley 0-0: Foul Ball, location: 3F
0-1: Ball
1-1: Fly out, F8 (Flyball, 8LXD, EV 111.3 MPH)
Runner from 2nd tags up, SAFE at 3rd, no throw by CF
Batting: RHB Jorge Baca 0-0: Called Strike
0-1: 3-RUN HOME RUN (Flyball, 9D, EV 97.5 MPH), Distance : 375 ft
Batting: RHB Tom Pike 0-0: Swinging Strike
0-1: Ball
1-1: Called Strike
1-2: SINGLE (Groundball, 6MD, EV 101.9 MPH)
Pitching: RHP Hung-chang Wang
Batting: SHB Barry Huffman 0-0: Called Strike
0-1: Fly out, F8 (Flyball, 78M, EV 88.8 MPH)
Top of the 10th over - 3 runs, 2 hits, 0 errors, 1 left on base; Tampa Bay 8 - Atlanta 5
BOTTOM OF THE 10TH
Atlanta Braves batting - Pitching for Tampa Bay Rays : RHP Pavlusha Faingauz
Batting: LHB Paul Graham 0-0: Called Strike
0-1: Called Strike
0-2: Ground out 1-3 (Groundball, 13S, EV 71.9 MPH)
Batting: RHB Murai Kimura 0-0: Called Strike
0-1: Ball
1-1: Ball
2-1: Foul Ball, location: 2F
2-2: Foul Ball, location: 5F
2-2: Ball
3-2: Foul Ball, location: 3FF
3-2: Foul Ball, location: 2LF
3-2: Foul Ball, location: 9LMF
3-2: Base on Balls
Batting: SHB Alonso Suárez 0-0: Ball
1-0: Foul Ball, location: 7LSF
1-1: Swinging Strike
1-2: Strikes out swinging
Pitching: LHP Mike Franklin
Batting: RHB Ray Boyer 0-0: Ball
1-0: Ball
2-0: Ball
3-0: Called Strike
3-1: Called Strike
3-2: SINGLE (Line Drive, 8RS, EV 103.8 MPH)
Murai Kimura to second
Murai Kimura to third
Batting: SHB Ramón Salinas 0-0: Foul Ball, location: 9LDF
0-1: Foul Ball, location: 2F
0-2: Foul Ball, location: 5SF
0-2: Ball
1-2: Ball
2-2: Ball
3-2: Foul Ball, location: 9LDF
3-2: Base on Balls
Ray Boyer to second
Batting: RHB Dave Lester 0-0: Fly out, F9 (Line Drive, 9LM, EV 100.0 MPH)
Bottom of the 10th over - 0 runs, 1 hit, 0 errors, 3 left on base; Tampa Bay 8 - Atlanta 5
Monday, April 22nd , 2024 - OOTP Baseball 24.10 Build 82